 Dungeon Crawl Stone Soup version 0.29.0-11-gd7f09526c8 (webtiles) character file.

Game seed: 3637257375662821573

651 SensoryNuts the Chopper (level 7, 0/44 HPs)
             Began as a Gargoyle Fighter on Sept 6, 2022.
             Slain by an orc wizard
             ... wielding a +1 dagger of distortion
              (6 damage)
             ... on level 4 of the Dungeon.
             The game lasted 00:06:46 (4742 turns).

SensoryNuts the Chopper (Gargoyle Fighter)          Turns: 4742, Time: 00:06:47

Health: 0/44       AC: 19    Str: 21    XL:     7   Next: 53%
Magic:  7/7        EV:  6    Int:  9    God:
Gold:   182        SH: 17    Dex:  9    Spells: 6/6 levels left

rFire   + . .      SeeInvis .   a - +0 war axe
rCold   + . .      Faith    .   p - +0 tower shield
rNeg    + . .      Spirit   .   b - +0 scale mail
rPois   ∞          Reflect  +   (no helmet)
rElec   +          Harm     .   (no cloak)
rCorr   +          Rampage  .   h - +2 pair of gloves
Will    .....                   (no boots)
Stlth   ..........              f - amulet of reflection
HPRegen 0.14/turn               j - +4 ring of protection
MPRegen 0.10/turn               (no ring)

@: resistant
A: sickness immunity, AC +4, negative energy resistance 1, electricity
resistance, torment resistance 1, petrification resistance
a: no special abilities


You were on level 4 of the Dungeon.
You visited 1 branch of the dungeon, and saw 4 of its levels.

You collected 182 gold pieces.

Inventory:

Hand Weapons
 a - a +0 war axe (weapon)
Armour
 b - a +0 scale mail (worn)
 h - a +2 pair of gloves (worn)
 p - a +0 tower shield (worn)
Jewellery
 f - an amulet of reflection (around neck)
 j - a +4 ring of protection (left hand)
 n - a ring of protection from cold
Wands
 d - a wand of charming (1)
 k - a wand of mindburst (4)
Scrolls
 m - a scroll of blinking {unknown}
 o - a scroll of acquirement {unknown}
 q - a scroll of summoning
Potions
 c - a potion of berserk rage {unknown}
 e - a potion of lignification
 g - 2 potions of flight
 i - a potion of brilliance {unknown}
 r - a potion of ambrosia {unknown}


   Skills:
 + Level 4.5 Fighting
 * Level 5.9 Axes
 + Level 4.2 Armour
 + Level 0.9 Dodging
 + Level 0.3 Stealth
 + Level 4.4 Shields


You had 6 spell levels left.
You didn't know any spells.
Your spell library contained the following spells:

 Spells                   Type           Power      Damage    Failure   Level
 Freeze                   Ice            0%         1d3       100%        1
 Conjure Flame            Conj/Fire      0%         6-21      100%        3
 Frozen Ramparts          Ice            0%         1d1       100%        3
 Ignite Poison            Fire/Tmut/Pois 0%         N/A       100%        3
 Ozocubu's Armour         Ice            0%         N/A       100%        3
 Hailstorm                Conj/Ice       0%         3d3       100%        4
 Ice Form                 Ice/Tmut       0%         N/A       100%        4
 Sticky Flame             Conj/Fire      0%         2d3       100%        4
 Summon Ice Beast         Ice/Summ       0%         N/A       100%        4
 Metabolic Englaciation   Hex/Ice        0%         N/A       100%        5
 Simulacrum               Ice/Necr       0%         N/A       100%        6


Dungeon Overview and Level Annotations

Branches:
Dungeon (4/15)
 Temple: D:4-7

Altars:
Dithmenos
Gozag
Kikubaaqudgha
Uskayaw

Shops:
D:4 *


Innate Abilities, Weirdness & Mutations

You are immune to sickness and miasma.
Your stone body is resilient. (AC +4)
You are immune to poison.
You resist negative energy. (rN+)
You are resistant to electric shocks. (rElec)
You are resistant to unholy torment.
You are immune to petrification.


Message History

You're too confused to move!
You feel less confused. You block the orc's attack. You block the orc's attack.
You hit the orc but do no damage.
The orc is heavily wounded.
You block the orc's attack. The orc hits you with a +0 whip.
Something hits you but does no damage. Space warps horribly around you!!
Ouch! That really hurt!
You hit the orc.
The orc is almost dead.
You hit something. The orc hits you with a +0 whip.
Something hits you but does no damage.
You are too injured to fight recklessly!
You are too injured to fight recklessly!
You feel protected. The orc barely misses you.
You hear some strange, mumbled words.
Something tries to affect you, but you resist.
You hit something. You slash the orc!
You kill the orc!
You hit the orc.
You kill the orc!
You block something's attack. x2
The orc warrior hits you but does no damage.
You barely miss something. You hit the orc warrior.
The orc warrior hits you with a +0 dire flail.
* * * LOW HITPOINT WARNING * * *
Something hits you but does no damage. Space warps horribly around you.
* * * LOW HITPOINT WARNING * * *
You block something's attack.
The orc warrior hits you with a +0 dire flail.
* * * LOW HITPOINT WARNING * * *
As you read the scroll labelled VAOHIQO KOGUTI, it crumbles to dust.
Wisps of shadow whirl around you...
It was a scroll of summoning.
You block the orc warrior's attack.
The orc warrior attacks as you move away!
The orc warrior hits you but does no damage.
Something hits you but does no damage. Space warps around you.
You die...

######## #..>....
#....... #.......
####### ##...... .. ...#
#...... #. #..####
#...... ##.##.....#
#...... ..###..#o@.##.#
#.##### .:......o)rJ..#
####.#####
######.####..#
#........# #.)...##.##
#.#...##.# #.8#(.##..#
#.##.###.#
#8..$##...####........#
.$.#.(###..)...........'
##.#..o#
#...#####...#### #. ....
#...# ##.## #


You could see an orc warrior (ally target), an orc, a friendly endoplasm
(summoned) and a friendly quokka (summoned).

Vanquished Creatures
  A phantom (D:4)
  A scorpion (D:4)
  A jelly (D:4)
  3 orc priests
  Ijyb (D:3)
  Jessica (D:2)
  Natasha (thrice) (D:4)
  3 orc wizards
  8 gnolls
  2 adders
  A worm (D:2)
  A dart slug (D:2)
  12 orcs
  8 ball pythons
  7 endoplasms
  2 giant cockroaches (D:2)
  7 goblins
  6 hobgoblins
  4 jackals (D:1)
  3 quokkas
  6 bats
  4 frilled lizards
  11 kobolds
  6 rats
102 creatures vanquished.

Vanquished Creatures (others)
  4 plants (D:3)
4 creatures vanquished.

Grand Total: 106 creatures vanquished

Notes
Turn   | Place    | Note
-------+----------+-------------------------------------------
     0 | D:1      | SensoryNuts the Gargoyle Fighter began the quest for the
                  | Orb.
     0 | D:1      | Reached XP level 1. HP: 14/14 MP: 1/1
   309 | D:1      | Reached skill level 2 in Axes
   313 | D:1      | Reached XP level 2. HP: 16/19 MP: 2/2
   747 | D:1      | Reached XP level 3. HP: 23/23 MP: 3/3
   763 | D:1      | Found a faded altar of an unknown god.
   985 | D:2      | Found an opulent altar of Gozag.
  1291 | D:2      | Noticed Jessica
  1297 | D:2      | Killed Jessica
  1298 | D:2      | Reached skill level 3 in Axes
  1298 | D:2      | Reached XP level 4. HP: 29/29 MP: 4/4
  2033 | D:3      | Noticed Ijyb
  2040 | D:3      | Found an ancient bone altar of Kikubaaqudgha.
  2051 | D:3      | Killed Ijyb
  2052 | D:3      | Reached XP level 5. HP: 17/33 MP: 5/5
  2300 | D:3      | Reached skill level 4 in Axes
  2305 | D:3      | Reached XP level 6. HP: 19/38 MP: 6/6
  3656 | D:4      | Found a shadowy altar of Dithmenos.
  3666 | D:4      | Found Judauv Ihut's General Store.
  3725 | D:4      | Found a hide-covered altar of Uskayaw.
  3881 | D:4      | Reached skill level 5 in Axes
  4209 | D:4      | Noticed Natasha
  4219 | D:4      | Killed Natasha
  4352 | D:4      | Reached XP level 7. HP: 43/43 MP: 7/7
  4398 | D:4      | Noticed Natasha
  4406 | D:4      | Killed Natasha
  4441 | D:4      | Noticed Natasha
  4453 | D:4      | Killed Natasha
  4742 | D:4      | Slain by an orc wizard

Illustrated notes

Levels and vault maps discovered:
D:1:      ncdulo_watergridlock, layout_rooms,
          hellmonk_ecumenical_altar_heavens_door, minmay_tiny_reverse_x
D:2:      layout_loops_ring, basic_altar, solitary_fountain,
          wad_floor_pattern_untrapped, mrwooster_statue_mirror, uniq_jessica
D:3:      layout_basic, nicolae_kikubaaqudgha_miasma_corner,
          serial_bayou_pond_b, uniq_ijyb
D:4:      layout_loops_corners, grunt_dithmenos_smoke_and_mirrors,
          mainiacjoe_overflow_chevrons, serial_shops, nicolae_shop_waterfront,
          supply_closet_lemuel, minmay_shop_damaged, guppyfry_early_orc_mine,
          uniq_natasha

Skill      XL: |  1  2  3  4  5  6 |
---------------+-------------------+-----
Axes           | 2 3 4 5 |  5.9
Shields        | 4 |  4.4
Fighting       | 4 |  4.5
Armour         | 4 |  4.2
Dodging        | |  0.9
Stealth        | |  0.3

Action                   |  1- 3 |  4- 6 |  7- 9 || total
-------------------------+-------+-------+-------++-------
Melee: War axe           |   134 |   175 |    42 ||   351
  Use: Scroll            |       |     6 |     1 ||     7
       Potion            |       |     3 |     1 ||     4
Armor: Scale mail        |    90 |   148 |    23 ||   261
Dodge: Dodged            |    64 |    95 |    13 ||   172
Block: Buckler           |    44 |    96 |    10 ||   150
       Reflection        |       |     4 |       ||     4
       Tower shield      |       |       |    21 ||    21
